 Dungeon Crawl Stone Soup version 0.31-a0-339-gda1cbd555d (webtiles) character file.

Game seed: 8585880782969574478

100 LeprechaunX the Ruffian (level 4, -2/29 HPs)
             Began as an Octopode Shapeshifter on July 20, 2023.
             Slain by Sigmund
             ... wielding a +0 scythe
              (6 damage)
             ... on level 3 of the Dungeon.
             The game lasted 00:01:33 (1455 turns).

LeprechaunX the Ruffian (Octopode Shapeshifter)     Turns: 1455, Time: 00:01:33

Health: -2/29      AC:  1    Str: 16    XL:     4   Next: 74%
Magic:  4/4        EV: 13    Int: 16    God:
Gold:   113        SH:  0    Dex: 12    Spells: 3/3 levels left

rFire   . . .        n - +2 whip (flame)
rCold   . . .        (no shield)
rNeg    . . .        (helmet currently unavailable)
rPois   .            (no amulet)
rElec   .            i - +6 ring of intelligence
rCorr   .            (no ring)
SInv    .            (no ring)
Will    .....        (no ring)
Stlth   ++           (no ring)
HPRegen 0.24/turn    (no ring)
MPRegen 0.09/turn    (no ring)
                     (no ring)

%: no passive effects
@: confused, beast-form
A: beast (slay +2), almost no armour, amphibious, 8 rings, camouflage 1,
gelatinous body 1, (nimble swimmer 1), tentacles
a: Begin Untransformation


You were on level 3 of the Dungeon.
You were a hulking beast.
You visited 1 branch of the dungeon, and saw 3 of its levels.

You collected 113 gold pieces.

Inventory:

Hand Weapons
 n - a +2 whip of flaming (weapon)
Jewellery
 i - a +6 ring of intelligence (left tentacle)
 o - a ring of wizardry
Talismans
 b - a beast talisman
Scrolls
 c - a scroll of poison {unknown}
 f - a scroll of revelation {unknown}
 g - 3 scrolls of identify {unknown}
 j - 3 scrolls of fear {unknown}
 k - a scroll of butterflies {unknown}
Potions
 a - a potion of lignification
 d - a potion of brilliance {unknown}
 e - a potion of cancellation {unknown}
 h - 2 potions of magic {unknown}
 l - 2 potions of heal wounds {unknown}
 m - a potion of curing {unknown}


   Skills:
 + Level 1.8 Fighting
 + Level 0.2 Maces & Flails
 + Level 2.5 Dodging
 * Level 3.9 Unarmed Combat
 * Level 3.6 Shapeshifting


You had 3 spell levels left.
You didn't know any spells.
Your spell library contained the following spells:

 Spells                   Type           Power      Damage    Failure   Level
 Slow                     Hex            0%         N/A       26%         1
 Confusing Touch          Hex            0%         N/A       58%         3
 Vampiric Draining        Necr           0%         2d6       58%         3


Dungeon Overview and Level Annotations

Branches:
Dungeon (3/15)

Altars:

Annotations:
D:3 Sigmund


Innate Abilities, Weirdness & Mutations

You are a hulking beast.
Your limbs bulge with bestial killing power. (Slay +2)
You cannot wear most types of armour.
You are amphibious.
You can wear up to eight rings at the same time.
Your skin changes colour to match your surroundings (Stealth+).
Your rubbery body absorbs attacks. (AC +1, EV +1)
((You are camouflaged when in or above water. (Stealth+)))
You have tentacles for arms and can constrict up to eight enemies at once.


Message History

No target in view!
HP restored.
You now have 99 gold pieces (gained 1).
You now have 113 gold pieces (gained 14).
Natasha and an orc come into view.
Found a hand axe.
The orc shouts!
Sigmund the Dreaded comes into view.
He is wielding a +0 scythe.
There are monsters nearby!
There are monsters nearby!
There are monsters nearby!
Natasha hisses angrily.
Sigmund mumbles some strange words.
Sigmund flickers and vanishes!
Deactivating autopickup; reactivate with Ctrl-A.
You swing at nothing.
You swing at nothing.
You swing at nothing.
You barely miss Natasha. Your grab misses Natasha. You tentacle-slap Natasha!
You squeeze Natasha!
You kill Natasha!
Natasha screams in pain as she dies!
You are confused.
You're too confused to attack without stumbling around!
You're too confused to attack without stumbling around!
You're too confused to attack without stumbling around!
You're too confused to attack without stumbling around!
You're too confused to attack without stumbling around!
You're too confused to attack without stumbling around!
You're too confused to attack without stumbling around!
You hear some strange, mumbled words.
You are more confused.
A magic dart appears from out of thin air!
The magic dart hits you! Something hits you. Something hits you.
You miss something. You squeeze something. Something hits you.
* * * LOW HITPOINT WARNING * * *
Something hits you.
You die...

#........##...#...#
#........#<........
#..................
#..................
####........#######
###.###..# ##.#
##.# +..######
#h......# ###{#####
o# .# .# .) .. ..


There were no monsters in sight!

Vanquished Creatures
  Natasha (D:3)
  2 gnolls (D:1)
  An adder (D:2)
  5 endoplasms
  7 goblins
  3 hobgoblins
  3 jackals (D:1)
  9 kobolds
  4 quokkas
  2 ball pythons (D:1)
  2 bats (D:2)
  A frilled lizard (D:1)
  6 rats
46 creatures vanquished.

Notes
Turn   | Place    | Note
-------+----------+-------------------------------------------
     0 | D:1      | LeprechaunX the Octopode Shapeshifter began the quest for
                  | the Orb.
     0 | D:1      | Reached XP level 1. HP: 13/13 MP: 1/1
    36 | D:1      | Reached XP level 2. HP: 18/18 MP: 2/2
   239 | D:1      | Reached XP level 3. HP: 23/23 MP: 3/3
   761 | D:2      | Reached XP level 4. HP: 28/28 MP: 4/4
  1441 | D:3      | Noticed Natasha
  1441 | D:3      | Noticed Sigmund
  1448 | D:3      | Killed Natasha
  1455 | D:3      | Slain by Sigmund

Illustrated notes

Levels and vault maps discovered:
D:1:      spicycebolla_arrival_ecumenical, layout_basic,
          minmay_indecisive_spiral
D:2:      layout_basic, serial_rivers, chequers_serial_rivers_marsh,
          chequers_serial_rivers_micro_b, chequers_serial_rivers_small_a,
          chequers_serial_rivers_small_a, chequers_hall_statues_y
D:3:      layout_rooms, nemelex_altar_shiori, gammafunk_temple_overflow_statue,
          uniq_sigmund, uniq_natasha

Action                     |  1- 3 |  4- 6 || total
---------------------------+-------+-------++-------
  Melee: Unarmed           |    55 |    13 ||    68
         Constrict         |    11 |     5 ||    16
         Tentacles         |    11 |     5 ||    16
         Punch             |     1 |     1 ||     2
         Whip              |       |     7 ||     7
   Stab: Sleeping          |     3 |     4 ||     7
 Armour: Skin              |     5 |       ||     5
  Dodge: Dodged            |    34 |     8 ||    42

Table legend: (Time is in decaauts)
 A = Elapsed time spent in this place.
 B = Non-inter-level travel time spent in this place.
 C = Inter-level travel time spent in this place.
 D = Time resting spent in this place.
 E = Time spent auto-exploring this place.
 F = Levels seen in this place.
 G = Mean time per level.
                   A        B        C        D        E       F      G
               +--------+--------+--------+--------+--------+-----+--------+
         Total |   1450 |   1420 |     30 |      0 |   1210 |   3 |  483.3 |
       Dungeon |   1450 |   1420 |     30 |      0 |   1210 |   3 |  483.3 |
               +--------+--------+--------+--------+--------+-----+--------+

Top non-repeatable levels by time:
     D:1: 731 daAuts
     D:2: 666 daAuts
     D:3: 52 daAuts
